SAA
LANCASTER FARMERS @ SAN ANTONIO BC
09/03/2030
 
TOP OF THE 1ST
Lancaster Farmers batting - Pitching for San Antonio BC : RHP Greyson Torain
Pitching: RHP Greyson Torain
Batting: RHB Juan Pedraza 0-0: Foul Ball, location: 2F
0-1: Foul Ball, location: 2F
0-2: Ball
1-2: Ball
2-2: Strikes out swinging
Batting: LHB Manuel Núñez 0-0: Ball
1-0: Called Strike
1-1: Called Strike
1-2: Foul Ball, location: 2F
1-2: Fly out, F8 (Flyball, 8RS)
Batting: RHB Ramón Degollado 0-0: Swinging Strike
0-1: SINGLE (Flyball, 78M)
Batting: RHB Hou Kong 0-0: Foul Ball, location: 2F
0-1: Ball
1-1: Swinging Strike
1-2: Foul Ball, location: 2F
1-2: Foul Ball, location: 2F
1-2: Fly out, F7 (Flyball, 7)
Top of the 1st over - 0 runs, 1 hit, 0 errors, 1 left on base; Lancaster 0 - San Antonio 0
BOTTOM OF THE 1ST
San Antonio BC batting - Pitching for Lancaster Farmers : RHP Javier Contreras
Pitching: RHP Javier Contreras
Batting: RHB Orlando Montejo 0-0: Called Strike
0-1: Fly out, F6 (Popup, P)
Batting: RHB Alba Hidalgo de Jesus 0-0: Called Strike
0-1: Ball
1-1: Ball
2-1: Swinging Strike
2-2: Foul Ball, location: 2F
2-2: Strikes out looking
Batting: RHB Mike Howard 0-0: Fly out, F5 (Popup, 56)
Bottom of the 1st over - 0 runs, 0 hits, 0 errors, 0 left on base; Lancaster 0 - San Antonio 0
TOP OF THE 2ND
Lancaster Farmers batting - Pitching for San Antonio BC : RHP Greyson Torain
Batting: RHB Woodrow Terrebonne 0-0: Ball
1-0: Ground out 6-3 (Groundball, 56)
Batting: RHB Gabe Cain 0-0: Called Strike
0-1: Ball
1-1: Fly out, F4 (Popup, 4)
Batting: RHB Bogumil Tiwontschik 0-0: SINGLE (Flyball, 78S)
Batting: RHB Diego Méndez 0-0: Foul Ball, location: 2F
0-1: Foul Ball, location: 2F
0-2: Ball
Bogumil Tiwontschik steals 2nd base
1-2: Ball
2-2: Ground out 1-3 (Groundball, 15S)
Top of the 2nd over - 0 runs, 1 hit, 0 errors, 1 left on base; Lancaster 0 - San Antonio 0
BOTTOM OF THE 2ND
San Antonio BC batting - Pitching for Lancaster Farmers : RHP Javier Contreras
Batting: LHB Pablo Morales 0-0: Ground out 4-3 (Groundball, 34D)
Batting: SHB Scotty Vallee 0-0: SINGLE (Groundball, 4D)
Batting: RHB Chet Mathis 0-0: Called Strike
0-1: Ball
1-1: Ball
2-1: Ball
3-1: Called Strike
3-2: Strikes out looking
Batting: RHB Rafael López 0-0: Fly out, F9 (Flyball, 89M)
Bottom of the 2nd over - 0 runs, 1 hit, 0 errors, 1 left on base; Lancaster 0 - San Antonio 0
TOP OF THE 3RD
Lancaster Farmers batting - Pitching for San Antonio BC : RHP Greyson Torain
Batting: RHB Arnold Magowan 0-0: Called Strike
0-1: Ball
1-1: Ball
2-1: Swinging Strike
2-2: Strikes out swinging
Batting: RHB Juan Pedraza 0-0: Ball
1-0: Ball
2-0: Foul Ball, location: 2F
2-1: SINGLE (Groundball, 6MD)
Batting: LHB Manuel Núñez 0-0: Called Strike
0-1: Ball
1-1: Swinging Strike
1-2: Foul Ball, location: 2F
1-2: Ball
2-2: Fly out, F7 (Line Drive, 7)
Batting: RHB Ramón Degollado 0-0: Called Strike
0-1: Foul Ball, location: 2F
0-2: Ball
1-2: Ball
2-2: Foul Ball, location: 2F
2-2: Ball
3-2: Foul Ball, location: 2F
3-2: Foul Ball, location: 2F
3-2: Base on Balls
Juan Pedraza to second
Batting: RHB Hou Kong 0-0: Ball
1-0: Swinging Strike
1-1: Foul Ball, location: 2F
1-2: Ball
2-2: Fly out, F9 (Line Drive, 89S)
Top of the 3rd over - 0 runs, 1 hit, 0 errors, 2 left on base; Lancaster 0 - San Antonio 0
BOTTOM OF THE 3RD
San Antonio BC batting - Pitching for Lancaster Farmers : RHP Javier Contreras
Batting: RHB Ben Hampton 0-0: Ball
1-0: Ball
2-0: Foul Ball, location: 2F
2-1: Ball
3-1: Base on Balls
Batting: RHB Rodrigo Chávez 0-0: Ball
1-0: Ball
Ben Hampton steals 2nd base
2-0: SINGLE (Groundball, 34D)
Ben Hampton to third
Runner from 3rd tries for Home, SAFE, no throw
Batting: RHB Orlando Montejo 0-0: Called Strike
0-1: Grounds into double play, 6-4-3 (Groundball, 6)
Batting: RHB Alba Hidalgo de Jesus 0-0: Ball
1-0: Called Strike
1-1: Ball
2-1: Swinging Strike
2-2: Ball
3-2: SINGLE (Groundball, 34D)
Batting: RHB Mike Howard 0-0: Ball
1-0: Ball
2-0: Ground out 6-3 (Groundball, 6S)
Bottom of the 3rd over - 1 run, 2 hits, 0 errors, 1 left on base; Lancaster 0 - San Antonio 1
TOP OF THE 4TH
Lancaster Farmers batting - Pitching for San Antonio BC : RHP Greyson Torain
Batting: RHB Woodrow Terrebonne 0-0: Ground out 5-3 (Groundball, 56)
Batting: RHB Gabe Cain 0-0: Ball
1-0: SINGLE (Line Drive, 34D)
Batting: RHB Bogumil Tiwontschik 0-0: Ball
1-0: Foul Ball, location: 2F
1-1: Grounds into double play, 6-4-3 (Groundball, 6)
Top of the 4th over - 0 runs, 1 hit, 0 errors, 0 left on base; Lancaster 0 - San Antonio 1
BOTTOM OF THE 4TH
San Antonio BC batting - Pitching for Lancaster Farmers : RHP Javier Contreras
Now at SS: Marcel Roks
Batting: LHB Pablo Morales 0-0: Foul Ball, location: 2F
0-1: Ball
1-1: Called Strike
1-2: Strikes out swinging
Batting: SHB Scotty Vallee 0-0: Swinging Strike
0-1: Called Strike
0-2: Strikes out looking
Batting: RHB Chet Mathis 0-0: Ball
1-0: Foul Ball, location: 2F
1-1: Swinging Strike
1-2: Strikes out swinging
Bottom of the 4th over - 0 runs, 0 hits, 0 errors, 0 left on base; Lancaster 0 - San Antonio 1
TOP OF THE 5TH
Lancaster Farmers batting - Pitching for San Antonio BC : RHP Greyson Torain
Batting: RHB Marcel Roks 0-0: Ball
1-0: Called Strike
1-1: SINGLE (Groundball, 56D)
Batting: RHB Arnold Magowan 0-0: Ball
1-0: Bunted foul
1-1: Sac Bunt - play at first, batter OUT! 5-4
Marcel Roks to second
Batting: RHB Juan Pedraza 0-0: Ball
1-0: Swinging Strike
1-1: Ball
2-1: Ground out 5-3 (Groundball, 56)
Batting: LHB Manuel Núñez 0-0: Called Strike
0-1: Foul Ball, location: 2F
0-2: Ball
1-2: Ball
2-2: Fly out, F3 (Flyball, 3DF)
Top of the 5th over - 0 runs, 1 hit, 0 errors, 1 left on base; Lancaster 0 - San Antonio 1
BOTTOM OF THE 5TH
San Antonio BC batting - Pitching for Lancaster Farmers : RHP Javier Contreras
Batting: RHB Rafael López 0-0: Ball
1-0: Called Strike
1-1: Ball
2-1: Foul Ball, location: 2F
2-2: Ball
3-2: Fly out, F9 (Flyball, 9LD)
Batting: RHB Ben Hampton 0-0: Swinging Strike
0-1: Foul Ball, location: 2F
0-2: Strikes out looking
Batting: RHB Rodrigo Chávez 0-0: Ball
1-0: Called Strike
1-1: Ball
2-1: Ground out 6-3 (Groundball, 6)
Bottom of the 5th over - 0 runs, 0 hits, 0 errors, 0 left on base; Lancaster 0 - San Antonio 1
TOP OF THE 6TH
Lancaster Farmers batting - Pitching for San Antonio BC : RHP Greyson Torain
Batting: RHB Ramón Degollado 0-0: Called Strike
0-1: Ball
1-1: Ball
2-1: SINGLE (Line Drive, 4MD)
Batting: RHB Hou Kong 0-0: Called Strike
0-1: Ball
1-1: Fly out, F6 (Popup, 6)
Batting: RHB Woodrow Terrebonne 0-0: Swinging Strike
0-1: SINGLE (Line Drive, 56D)
Ramón Degollado to second
Batting: RHB Gabe Cain 0-0: Ball
1-0: Called Strike
1-1: Fly out, F8 (Flyball, 8LD)
Runner from 2nd tags up, SAFE at 3rd with throw
Batting: RHB Bogumil Tiwontschik 0-0: Fly out, F9 (Flyball, 89S)
Top of the 6th over - 0 runs, 2 hits, 0 errors, 2 left on base; Lancaster 0 - San Antonio 1
BOTTOM OF THE 6TH
San Antonio BC batting - Pitching for Lancaster Farmers : RHP Javier Contreras
Batting: RHB Orlando Montejo 0-0: SINGLE (Line Drive, 6MD)
Batting: RHB Alba Hidalgo de Jesus 0-0: Ball
1-0: Bunt - Flyout! F1
Batting: RHB Mike Howard 0-0: Ball
1-0: Swinging Strike
1-1: Fly out, F8 (Flyball, 8LD)
Batting: LHB Pablo Morales 0-0: Foul Ball, location: 2F
0-1: Ball
1-1: Foul Ball, location: 2F
1-2: Strikes out looking
Bottom of the 6th over - 0 runs, 1 hit, 0 errors, 1 left on base; Lancaster 0 - San Antonio 1
TOP OF THE 7TH
Lancaster Farmers batting - Pitching for San Antonio BC : RHP Greyson Torain
Batting: RHB Marcel Roks 0-0: Ball
1-0: Ball
2-0: Foul Ball, location: 2F
2-1: Swinging Strike
2-2: Strikes out swinging
Batting: RHB Arnold Magowan 0-0: Ball
1-0: Ball
2-0: Called Strike
2-1: Swinging Strike
2-2: Strikes out looking
Batting: RHB Juan Pedraza 0-0: Called Strike
0-1: Foul Ball, location: 2F
0-2: Ball
1-2: Ball
2-2: Strikes out looking
Top of the 7th over - 0 runs, 0 hits, 0 errors, 0 left on base; Lancaster 0 - San Antonio 1
BOTTOM OF THE 7TH
San Antonio BC batting - Pitching for Lancaster Farmers : RHP Javier Contreras
Batting: SHB Scotty Vallee 0-0: Called Strike
0-1: Foul Ball, location: 2F
0-2: Foul Ball, location: 2F
0-2: Foul Ball, location: 2F
0-2: Ball
1-2: Strikes out swinging
Batting: RHB Chet Mathis 0-0: Called Strike
0-1: Foul Ball, location: 2F
0-2: Ground out 4-3 (Groundball, 4)
Batting: RHB Rafael López 0-0: Fly out, F7 (Line Drive, 78D)
Bottom of the 7th over - 0 runs, 0 hits, 0 errors, 0 left on base; Lancaster 0 - San Antonio 1
TOP OF THE 8TH
Lancaster Farmers batting - Pitching for San Antonio BC : RHP Greyson Torain
Batting: LHB Manuel Núñez 0-0: Ball
1-0: Called Strike
1-1: Swinging Strike
1-2: SINGLE (Groundball, 34D)
Pitching: LHP Martín Salazar
Batting: RHB Ramón Degollado 0-0: Ball
1-0: 2-RUN HOME RUN (Flyball, 7LD), Distance : 383 ft
Batting: RHB Hou Kong 0-0: Ball
1-0: Ball
2-0: Ground out 6-3 (Groundball, 6)
Batting: RHB Woodrow Terrebonne 0-0: Fly out, F3 (Popup, 3F)
Batting: RHB Gabe Cain 0-0: SINGLE (Line Drive, 9S)
Batting: RHB Bogumil Tiwontschik 0-0: Ball
1-0: SINGLE (Flyball, 8RS)
Gabe Cain to second
Runner from 2nd tries for 3rd, SAFE, throw made to third
Batting: RHB Marcel Roks 0-0: Called Strike
0-1: Called Strike
0-2: Ball
1-2: Foul Ball, location: 2F
1-2: Strikes out swinging
Top of the 8th over - 2 runs, 4 hits, 0 errors, 2 left on base; Lancaster 2 - San Antonio 1
BOTTOM OF THE 8TH
San Antonio BC batting - Pitching for Lancaster Farmers : RHP Javier Contreras
Batting: RHB Ben Hampton 0-0: Ball
1-0: Ball
2-0: Foul Ball, location: 2F
2-1: Ball
3-1: Fly out, F7 (Flyball, 7LM)
Batting: RHB Rodrigo Chávez 0-0: Called Strike
0-1: SINGLE (Flyball, 89S)
Batting: RHB Orlando Montejo 0-0: Ball
1-0: Sac Bunt - play at first, batter OUT! 5-4
Rodrigo Chávez to second
Batting: RHB Alba Hidalgo de Jesus 0-0: Ball
1-0: Called Strike
1-1: Swinging Strike
1-2: Foul Ball, location: 2F
1-2: Foul Ball, location: 2F
1-2: Ball
2-2: Foul Ball, location: 2F
2-2: Ground out 4-3 (Groundball, 4)
Bottom of the 8th over - 0 runs, 1 hit, 0 errors, 1 left on base; Lancaster 2 - San Antonio 1
TOP OF THE 9TH
Lancaster Farmers batting - Pitching for San Antonio BC : LHP Martín Salazar
Pitching: RHP Mark Goldwire
Batting: RHB Arnold Magowan 0-0: Fly out, F8 (Flyball, 8RM)
Batting: RHB Juan Pedraza 0-0: Ball
1-0: Ground out 5-3 (Groundball, 5L)
Batting: LHB Manuel Núñez 0-0: Called Strike
0-1: Foul Ball, location: 2F
0-2: Foul Ball, location: 2F
0-2: Strikes out looking
Top of the 9th over - 0 runs, 0 hits, 0 errors, 0 left on base; Lancaster 2 - San Antonio 1
BOTTOM OF THE 9TH
San Antonio BC batting - Pitching for Lancaster Farmers : RHP Javier Contreras
Pinch Hitting: RHB Abraham Phelps 0-0: Ground out 4-3 (Groundball, 4)
Batting: LHB Pablo Morales 0-0: Called Strike
0-1: Ball
1-1: SINGLE (Flyball, 89S)
Pinch Runner at 1st Orlando Hernández:
Batting: SHB Scotty Vallee 0-0: Called Strike
0-1: Ball
1-1: Foul Ball, location: 2F
1-2: Ball
2-2: Foul Ball, location: 2F
2-2: SINGLE (Flyball, 89S)
Orlando Hernández to second
Runner from 2nd tries for 3rd, SAFE, no throw
Batting: RHB Chet Mathis 0-0: Ball
1-0: Called Strike
1-1: Ball
2-1: Fly out, F7 (Flyball, 78D)
Runner from 3rd tags up, SCORES, throw made
Pitching: RHP Jefferson Suhendro
Pinch Runner at 1st Manny Álvarez:
Batting: RHB Rafael López 0-0: Fly out, F9 (Flyball, 89S)
Bottom of the 9th over - 1 run, 2 hits, 0 errors, 1 left on base; Lancaster 2 - San Antonio 2
TOP OF THE 10TH
Lancaster Farmers batting - Pitching for San Antonio BC : RHP Mark Goldwire
Now at C: Dixon Snyder
Now in CF: Manny Álvarez
Now in RF: Raúl Trevino
Batting: RHB Ramón Degollado 0-0: Called Strike
0-1: Ball
1-1: Called Strike
1-2: Fly out, F8 (Line Drive, 8LM)
Batting: RHB Hou Kong 0-0: Ball
1-0: Fly out, F8 (Line Drive, 8LM)
Pinch Hitting: LHB Carlos Germán 0-0: Ball
1-0: Foul Ball, location: 2F
1-1: Swinging Strike
1-2: Foul Ball, location: 2F
1-2: Strikes out swinging
Top of the 10th over - 0 runs, 0 hits, 0 errors, 0 left on base; Lancaster 2 - San Antonio 2
BOTTOM OF THE 10TH
San Antonio BC batting - Pitching for Lancaster Farmers : RHP Jefferson Suhendro
Now in LF: Carlos Germán
Pinch Hitting: SHB Anastasio Delgadilo 0-0: Called Strike
0-1: Swinging Strike
0-2: Ball
1-2: Strikes out looking
Pinch Hitting: SHB Esteban Borsellino 0-0: Ball
1-0: Called Strike
1-1: Ball
2-1: Ball
3-1: Foul Ball, location: 2F
3-2: Base on Balls
Batting: RHB Orlando Montejo 0-0: Ball
Balk!
Esteban Borsellino to second
1-0: Swinging Strike
1-1: Swinging Strike
1-2: Foul Ball, location: 2F
1-2: Foul Ball, location: 2F
1-2: Strikes out swinging
Batting: RHB Alba Hidalgo de Jesus 0-0: Ball
1-0: Swinging Strike
1-1: Ball
2-1: Ground out 6-3 (Groundball, 6)
Bottom of the 10th over - 0 runs, 0 hits, 0 errors, 1 left on base; Lancaster 2 - San Antonio 2
TOP OF THE 11TH
Lancaster Farmers batting - Pitching for San Antonio BC : RHP Mark Goldwire
Pitching: RHP Colm Soto
Now at 3B: Esteban Borsellino
Now at SS: Ryan Robbins
Batting: RHB Gabe Cain 0-0: Called Strike
0-1: Foul Ball, location: 2F
0-2: Ball
1-2: Reached on error, E6 (Groundball, 6)
Batting: RHB Bogumil Tiwontschik 0-0: Foul Ball, location: 2F
0-1: Ball
1-1: Swinging Strike
1-2: Strikes out swinging
Batting: RHB Marcel Roks 0-0: Called Strike
0-1: Ground out 5-3 (Groundball, 56S)
Gabe Cain to second
Pinch Hitting: RHB José Vázquez 0-0: Ball
1-0: Called Strike
1-1: Fly out, F9 (Line Drive, 9)
Top of the 11th over - 0 runs, 0 hits, 1 error, 1 left on base; Lancaster 2 - San Antonio 2
BOTTOM OF THE 11TH
San Antonio BC batting - Pitching for Lancaster Farmers : RHP Jefferson Suhendro
Now at C: Bertrand Pick
Batting: RHB Dixon Snyder 0-0: Swinging Strike
0-1: Foul Ball, location: 2F
0-2: Ball
1-2: SINGLE (Groundball, 6MD)
Pinch Runner at 1st António Pérez:
Batting: LHB Raúl Trevino 0-0: Called Strike
0-1: Ball
1-1: Ball
2-1: Foul Ball, location: 2F
2-2: Fielders Choice at 2nd, 4-6 (Groundball, 4)
Pinch Hitting: RHB Beau Emery 0-0: Ball
Raúl Trevino steals 2nd base
1-0: Ball
2-0: Called Strike
2-1: Foul Ball, location: 2F
2-2: Fly out, F8 (Flyball, 8RS)
Batting: RHB Chet Mathis 0-0: Ball
1-0: Ball
2-0: Ball
3-0: Base on Balls
Batting: RHB Rafael López 0-0: Ball
1-0: Ball
2-0: Foul Ball, location: 2F
2-1: Ball
3-1: Called Strike
3-2: Strikes out swinging
Bottom of the 11th over - 0 runs, 1 hit, 0 errors, 2 left on base; Lancaster 2 - San Antonio 2
TOP OF THE 12TH
Lancaster Farmers batting - Pitching for San Antonio BC : RHP Colm Soto
Now at C: José Perea
Now at 2B: Beau Emery
Batting: RHB Juan Pedraza 0-0: Ball
1-0: Fly out, F8 (Flyball, 8RD)
Batting: LHB Manuel Núñez 0-0: Called Strike
0-1: Swinging Strike
0-2: Strikes out looking
Batting: RHB Ramón Degollado 0-0: Called Strike
0-1: Ground out 1-6-3 (Groundball, 15S)
Top of the 12th over - 0 runs, 0 hits, 0 errors, 0 left on base; Lancaster 2 - San Antonio 2
BOTTOM OF THE 12TH
San Antonio BC batting - Pitching for Lancaster Farmers : RHP Jefferson Suhendro
Batting: RHB Ryan Robbins 0-0: Ground out 5-3 (Groundball, 56S)
Batting: SHB Esteban Borsellino 0-0: Foul Ball, location: 2F
0-1: Ball
1-1: Ball
2-1: Fly out, F9 (Flyball, 9D)
Batting: RHB Orlando Montejo 0-0: Called Strike
0-1: Ball
1-1: Called Strike
1-2: Ball
2-2: Ball
3-2: Foul Ball, location: 2F
3-2: Base on Balls
Pitching: RHP Montrell Baxa
Batting: RHB Alba Hidalgo de Jesus 0-0: Ball
1-0: Foul Ball, location: 2F
1-1: Ball
2-1: Foul Ball, location: 2F
2-2: Foul Ball, location: 2F
2-2: Foul Ball, location: 2F
2-2: Ball
Orlando Montejo steals 2nd base
3-2: Fly out, F9 (Flyball, 9S)
Bottom of the 12th over - 0 runs, 0 hits, 0 errors, 1 left on base; Lancaster 2 - San Antonio 2
TOP OF THE 13TH
Lancaster Farmers batting - Pitching for San Antonio BC : RHP Colm Soto
Pitching: LHP Carlos Núñez
Batting: RHB Hou Kong 0-0: Swinging Strike
0-1: Ball
1-1: Ball
2-1: Swinging Strike
2-2: Ground out 5-3 (Groundball, 56S)
Batting: LHB Carlos Germán 0-0: Ball
1-0: Called Strike
1-1: Swinging Strike
1-2: Ball
2-2: Ball
3-2: Fly out, F8 (Line Drive, 78D)
Batting: RHB Gabe Cain 0-0: Ball
1-0: Foul Ball, location: 2F
1-1: Ball
2-1: Foul Ball, location: 2F
2-2: Fly out, F9 (Flyball, 89M)
Top of the 13th over - 0 runs, 0 hits, 0 errors, 0 left on base; Lancaster 2 - San Antonio 2
BOTTOM OF THE 13TH
San Antonio BC batting - Pitching for Lancaster Farmers : RHP Montrell Baxa
Batting: RHB José Perea 0-0: Foul Ball, location: 2F
0-1: Called Strike
0-2: Strikes out looking
Batting: LHB Raúl Trevino 0-0: Called Strike
0-1: Ball
1-1: SINGLE (Line Drive, 6M)
Batting: RHB Beau Emery 0-0: Ball
1-0: Foul Ball, location: 2F
1-1: Ball
2-1: Ground out 4-3 (Groundball, 34)
Raúl Trevino to second
Batting: RHB Chet Mathis 0-0: Called Strike
0-1: Swinging Strike
0-2: Ball
1-2: Strikes out swinging
Bottom of the 13th over - 0 runs, 1 hit, 0 errors, 1 left on base; Lancaster 2 - San Antonio 2
TOP OF THE 14TH
Lancaster Farmers batting - Pitching for San Antonio BC : LHP Carlos Núñez
Batting: RHB Bogumil Tiwontschik 0-0: Ball
1-0: Foul Ball, location: 2F
1-1: Reached on error, E6 (Groundball, 6D)
Batting: RHB Marcel Roks 0-0: Called Strike
0-1: Ball
1-1: Ball
2-1: Ball
3-1: Called Strike
3-2: SINGLE (Line Drive, 6D)
Bogumil Tiwontschik to second
Bogumil Tiwontschik to third
Batting: RHB Bertrand Pick 0-0: Ball
1-0: Swinging Strike
1-1: Ball
2-1: Called Strike
2-2: Ball
3-2: Foul Ball, location: 2F
3-2: Foul Ball, location: 2F
3-2: Strikes out swinging
Batting: RHB Juan Pedraza 0-0: Called Strike
0-1: Squeeze Bunt - play home, runner scores, batter safe!
Bogumil Tiwontschik scores
Marcel Roks to second
Pinch Runner at 2nd Ramón Soto:
Batting: LHB Manuel Núñez 0-0: Foul Ball, location: 2F
0-1: Ball
Passed Ball!
Ramón Soto to third
Juan Pedraza to second
1-1: Foul Ball, location: 2F
1-2: Foul Ball, location: 2F
1-2: Foul Ball, location: 2F
1-2: Foul Ball, location: 2F
1-2: Foul Ball, location: 2F
1-2: 3-RUN HOME RUN (Flyball, 9LD), Distance : 344 ft
Pitching: LHP Juan Fuentes
Batting: RHB Ramón Degollado 0-0: Ball
1-0: Foul Ball, location: 2F
1-1: SINGLE (Line Drive, 7LS)
Batting: RHB Hou Kong 0-0: Ball
1-0: SINGLE (Line Drive, 9S)
Ramón Degollado to second
Batting: LHB Carlos Germán 0-0: Called Strike
0-1: Foul Ball, location: 2F
0-2: SINGLE (Flyball, 3D)
Ramón Degollado to third
Hou Kong to second
Runner from 3rd tries for Home, SAFE, throw made home
Batting: RHB Gabe Cain 0-0: Called Strike
0-1: Grounds into double play, 4-6-3 (Groundball, 4)
Top of the 14th over - 5 runs, 5 hits, 1 error, 1 left on base; Lancaster 7 - San Antonio 2
BOTTOM OF THE 14TH
San Antonio BC batting - Pitching for Lancaster Farmers : RHP Montrell Baxa
Now at SS: Ramón Soto
Batting: RHB Rafael López 0-0: Ball
1-0: Foul Ball, location: 2F
1-1: Ball
2-1: Ball
3-1: Foul Ball, location: 2F
3-2: Base on Balls
Batting: RHB Ryan Robbins 0-0: Ball
1-0: Ball
2-0: Ball
3-0: Called Strike
3-1: Base on Balls
Rafael López to second
Batting: SHB Esteban Borsellino 0-0: Called Strike
0-1: Ball
1-1: Grounds into double play, 6-4-3 (Groundball, 6)
Rafael López to third
Batting: RHB Orlando Montejo 0-0: Ball
1-0: Called Strike
1-1: Ball
2-1: Foul Ball, location: 2F
2-2: Strikes out swinging
Bottom of the 14th over - 0 runs, 0 hits, 0 errors, 1 left on base; Lancaster 7 - San Antonio 2
Sunday, March 18th, 2018 - OOTP Baseball 18.8 Build 76